 Dungeon Crawl Stone Soup version 0.29.1-1-gd02db6906a (webtiles) character file.

Game seed: 5468650287112387876

136 GeoRichter the Conjurer (level 4, -9/33 HPs)
             Began as a Demonspawn Gladiator on Oct 17, 2022.
             Was a Believer of Vehumet.
             Asphyxiated
             ... in a sewer.
             The game lasted 00:07:42 (3493 turns).

GeoRichter the Conjurer (Demonspawn Gladiator)      Turns: 3493, Time: 00:07:42

Health: -9/33      AC:  4    Str: 20    XL:     4   Next: 98%
Magic:  7/7        EV: 12    Int: 12    God:    Vehumet [**....]
Gold:   98         SH:  0    Dex: 14    Spells: 6/7 levels left

rFire   . . .      SeeInvis .   a - +0 flail
rCold   . . .      Faith    .   (no shield)
rNeg    . . .      Spirit   .   b - +0 leather armour
rPois   .          Reflect  .   c - +0 helmet
rElec   .          Harm     .   (no cloak)
rCorr   .          Rampage  .   (no gloves)
Will    .....                   (no boots)
Stlth   +.........              (no amulet)
HPRegen 0.11/turn               p - +6 ring of strength
MPRegen 0.10/turn               (no ring)

@: lethally poisoned (-9 -> -22)
A: claws 1, powered by death 1
a: Renounce Religion


You were in a sewer.
You worshipped Vehumet.
Vehumet was pleased with you.
You visited 1 branch of the dungeon, and saw 4 of its levels.
You also visited: Sewer.

You collected 98 gold pieces.

Inventory:

Hand Weapons
 a - a +0 flail (weapon)
 o - the +7 trident of the Madman {freeze, rF++ Will+++ Int-5 Stlth+}
   (You found it on level 2 of the Dungeon)

   It freezes those it strikes, dealing additional cold damage.
   It can also slow down cold-blooded creatures.
   Int:       It affects your intelligence (-5).
   rF:        It greatly protects you from fire.
   Will:      It greatly increases your willpower.
   Stlth:     It makes you more stealthy.
Missiles
 d - 3 throwing nets {!f}
 r - 4 javelins (quivered)
Armour
 b - a +0 leather armour (worn)
 c - a +0 helmet (worn)
 h - a +0 ring mail
   (You found it on level 1 of the Dungeon)
Jewellery
 p - a +6 ring of strength (left claw)
   (You found it on level 2 of the Dungeon)
Wands
 x - a wand of light (2)
   (You found it on level 4 of the Dungeon)
 y - a wand of charming (8)
   (You found it on level 4 of the Dungeon)
Scrolls
 i - a scroll of brand weapon {unknown}
 k - 6 scrolls of identify {unknown}
 l - 2 scrolls of teleportation {unknown}
 m - 3 scrolls of blinking {unknown}
 t - a scroll of torment {unknown}
 u - a scroll of silence {unknown}
 v - a scroll of enchant weapon {unknown}
 w - a scroll of fog {unknown}
 z - a scroll of immolation {unknown}
Potions
 e - a potion of lignification {unknown}
 f - a potion of curing {unknown}
 g - a potion of brilliance {unknown}
 j - a potion of might {unknown}
 n - 2 potions of mutation {unknown}
 q - a potion of flight {unknown}
 s - a potion of attraction {unknown}
 A - a potion of haste {unknown}


   Skills:
 - Level 2.2 Fighting
 - Level 3.0 Maces & Flails
 - Level 1.7 Throwing
 - Level 2.6 Dodging
 - Level 2.0 Spellcasting
 * Level 3.4 Conjurations
 * Level 0.3 Air Magic


You had 6 spell levels left.
You knew the following spells:

 Your Spells              Type           Power      Damage    Failure   Level
a - Shock                 Conj/Air       20%        1d4       16%         1

Your spell library contained the following spells:

 Spells                   Type           Power      Damage    Failure   Level
 Scorch                   Fire           2%         2d5       43%         2
 Blink                    Tloc           2%         N/A       43%         2
 Manifold Assault         Tloc           1%         N/A       100%        5
 Storm Form               Tmut/Air       0%         N/A       100%        7


Dungeon Overview and Level Annotations

Branches:
Dungeon (4/15) Zot: 20764   Sewer (1/1) Zot: 5633
 Temple: D:4-7

Altars:
Hepliaklqana
Vehumet
Yredelemnul

Annotations:
D:4 Grinder


Innate Abilities, Weirdness & Mutations

You have sharp fingernails.
You regenerate a little health from kills.


Message History

You enter the shallow water.
Moving in this stuff is going to be slow.
You enter the shallow water.
Moving in this stuff is going to be slow.
You enter the shallow water.
Moving in this stuff is going to be slow.
You enter the shallow water.
Moving in this stuff is going to be slow.
You enter the shallow water.
Moving in this stuff is going to be slow.
A kobold brigand and a worm come into view.
The kobold brigand is wielding a +0 whip and quivering curare-tipped darts.
The kobold brigand shouts!
Throw: 6 javelins
Aim: a kobold brigand, wielding a +0 whip and quivering curare-tipped darts (51% to hit)
You throw a javelin.
The javelin barely misses the kobold brigand.
You hear a splash.
Throw: 5 javelins
Aim: a kobold brigand, wielding a +0 whip and quivering curare-tipped darts (51% to hit)
You throw a javelin.
The javelin pierces through the kobold brigand.
You hear a splash.
You closely miss the kobold brigand. You hit the kobold brigand.
The kobold brigand hits you but does no damage.
The kobold brigand hits you with a +0 whip!
You barely miss the kobold brigand. The kobold brigand barely misses you.
You closely miss the kobold brigand.
The kobold brigand splashes around in the water.
You closely miss the kobold brigand.
The kobold brigand hits you with a +0 whip!
You closely miss the kobold brigand.
The kobold brigand hits you with a +0 whip!
* * * LOW HITPOINT WARNING * * *
The kobold brigand splashes around in the water.
You barely miss the kobold brigand. The kobold brigand barely misses you.
You enter the shallow water.
Moving in this stuff is going to be slow.
The kobold brigand attacks as you move away!
The kobold brigand hits you with a +0 whip!
* * * LOW HITPOINT WARNING * * *
The kobold brigand attacks as you move away!
The kobold brigand hits you with a +0 whip.
* * * LOW HITPOINT WARNING * * *
The kobold brigand throws a curare-tipped dart.
The curare-tipped dart hits you.
You are lethally poisoned!
You have difficulty breathing.
You die...

~##~~..~~..~##.~~~####~
..~...~...~~~~~..##
~~~~~....~~~~.~.##
....~....~~~...~#
.~~~~.∩.∩.~.~~..#
.~..~.........~~#
....~.~~~~....~~## ###
..~~.~~~~~.~~.~~.##
#####~~K~.
.##~~.~~.~..##..@.####~(~~~#
#
##~..~~.~####.~.Kw.~~###~~~w.
#~~~~.~.# #~~~~~~~~# ###
~~~~.~.~. ##..~~..~###~~~~
~..~ #######~~~~~# ###
#####~~~~ ##


You could see a kobold brigand and a worm.

Vanquished Creatures
  Jessica (D:2)
  5 adders
  3 worms
  2 orcs (D:3)
  4 endoplasms
  3 giant cockroaches
  5 goblins
  2 hobgoblins
  5 kobolds
  7 quokkas (D:4)
  4 ball pythons
  6 bats
  3 frilled lizards
  6 rats
56 creatures vanquished.

Notes
Turn   | Place    | Note
-------+----------+-------------------------------------------
     0 | D:1      | GeoRichter the Demonspawn Gladiator began the quest for the
                  | Orb.
     0 | D:1      | Reached XP level 1. HP: 16/16 MP: 1/1
   239 | D:1      | Noticed a golden eye
   241 | D:1      | Found a faded altar of an unknown god.
   243 | D:1      | Noticed a floating eye
   243 | D:1      | Noticed a golden eye
   243 | D:1      | Noticed a shining eye
   314 | D:1      | Prayed at the altar of an unknown god.
   314 | D:1      | Became a worshipper of Vehumet
   314 | D:1      | Reached * piety under Vehumet
   314 | D:1      | Offered knowledge of Shock by Vehumet.
   348 | D:1      | Gained mutation: You regenerate a little health from kills.
                  | [demonic ancestry]
   348 | D:1      | Reached XP level 2. HP: 22/22 MP: 2/2
   637 | D:1      | Reached skill level 1 in Conjurations
   833 | D:2      | Found a basalt altar of Yredelemnul.
   873 | D:2      | Learned a level 1 spell: Shock
  1029 | D:2      | Reached skill level 1 in Spellcasting
  1029 | D:2      | Reached XP level 3. HP: 27/27 MP: 4/4
  1029 | D:2      | Identified the +7 trident of the Madman {freeze, rF++
                  | Will+++ Int-5 Stlth+}
  1421 | D:2      | Noticed Jessica
  1422 | D:2      | Killed Jessica
  1423 | D:2      | Gained mutation: You have sharp fingernails. [demonic
                  | ancestry]
  1423 | D:2      | Reached XP level 4. HP: 33/33 MP: 4/6
  1427 | D:2      | Reached ** piety under Vehumet
  1655 | D:2      | Offered knowledge of Scorch by Vehumet.
  1812 | D:3      | Found a hazy altar of Hepliaklqana.
  2797 | D:4      | Noticed Grinder
  3161 | D:4      | Found a glowing drain.
  3185 | Sewer    | Entered a sewer
  3472 | Sewer    | Noticed a kobold brigand
  3492 | Sewer    | HP: 1/33 [kobold brigand/+0 whip (4)]
  3493 | Sewer    | Asphyxiated

Illustrated notes

Levels and vault maps discovered:
D:1:      kennysheep_arrival_forest, layout_basic,
          hellmonk_ecumenical_altar_watching_god,
          nicolae_kite_square_tiling_tiny
D:2:      layout_loops_ring, basic_altar, uniq_jessica
D:3:      layout_basic, nicolae_overflow_two_pavilions
D:4:      layout_basic, gup_sewer_entry_pipe, minmay_crystal_room, uniq_grinder
Sewer:    sewer_co_tree

Skill      XL: |  1  2  3  4 |
---------------+-------------+-----
Maces & Flails | 3 |  3.0
Conjurations   | 1 2 3 |  3.4
Spellcasting   | 1 2 |  2.0
Fighting       | |  2.2
Throwing       | |  1.7
Dodging        | |  2.6
Air Magic      | |  0.3

Action                   |  1- 3 |  4- 6 || total
-------------------------+-------+-------++-------
Melee: Flail             |    93 |   112 ||   205
Throw: Javelin           |     1 |     6 ||     7
       Throwing net      |       |     1 ||     1
 Cast: Shock             |       |     5 ||     5
 Stab: Sleeping          |     1 |     1 ||     2
Armor: Ring mail         |    15 |       ||    15
       Leather armour    |    35 |    21 ||    56
Dodge: Dodged            |    62 |    57 ||   119
